 Dungeon Sprint DCSS version 0.32-a0-40-g2adb59ae06 (webtiles) character file.

Game seed: 11966161923131354886

16795 Darkkill the Warrior (level 12, -11/96 HPs)
             Began as a Gargoyle Monk on Jan 24, 2024.
             Was the Champion of Trog.
             Killed from afar by a Hell Sentinel (29 damage)
             ... with damnation
             ... in the Dungeon (Sprint VII: "The Pits").
             The game lasted 00:08:59 (2021 turns).

Darkkill the Warrior (Gargoyle Monk)                Turns: 2021, Time: 00:08:59

Health: -11/96     AC: 22    Str: 23    XL:     12   Next: 41%
Magic:  12/12      EV: 19    Int: 11    God:    Trog [******]
Gold:   38         SH:  0    Dex: 12    Spells: 11/11 levels left

rFire   . . .        a - +9 great mace "Remao" {heavy, rC+ rCorr}
rCold   + . .        (shield currently unavailable)
rNeg    + . .        t - +6 scale mail
rPois   ∞            s - +0 helmet
rElec   +            (no cloak)
rCorr   +            r - +0 pair of gloves
SInv    .            (no boots)
Will    .....        (no amulet) Stlth
                     d - +3 ring of strength
HPRegen 0.36/turn    q - +3 ring of evasion
MPRegen 0.13/turn

%: no teleportation
@: on berserk cooldown, slowed, very slow
A: sickness immunity, AC +8, negative energy resistance 1, electricity
resistance, torment resistance 1, petrification resistance
a: Renounce Religion, Berserk, Trog's Hand, Brothers in Arms


You were in the Dungeon.
You worshipped Trog.
Trog was exalted by your worship.
You visited 1 branch You collected 38 gold pieces.

Inventory:

Hand Weapons
 a - the +9 great mace "Remao" (weapon) {heavy, rC+ rCorr}
   (Trog gifted it to you in the Dungeon)

   rC+:       It protects you from cold.
   rCorr:     It protects you from acid and corrosion.
 b - a +4 heavy lajatang
Missiles
 m - 17 stones (quivered)
 v - 3 silver javelins
Armour
 r - a +0 pair of gloves (worn)
 s - a +0 helmet (worn)
 t - a +6 scale mail (worn)
Jewellery
 d - a +3 ring of strength (left hand)
 q - a +3 ring of evasion (right hand)
Wands
 u - a wand of flame (15)
Scrolls
 j - 3 scrolls of blinking
 n - 2 scrolls of vulnerability
 o - 5 scrolls of amnesia
 p - a scroll of butterflies
 x - 2 scrolls of fear
 y - 2 scrolls of fog
Potions
 c - a potion of ambrosia
 e - 12 potions of curing {@q1}
 f - 5 potions of heal wounds
 g - 2 potions of haste
 h - 4 potions of magic
 i - 3 potions of berserk rage
 k - a potion of resistance
 l - 2 potions of invisibility


   Skills:
 + Level 19.9 Fighting
 + Level 18.2 Maces & Flails
 + Level 15.5 Dodging


You had 11 spell levels left.
You didn't know any spells.
Your spell library was empty.

Dungeon Overview and Level Annotations

Branches:
Dungeon (1/1)

Altars:
Ashenzari
Cheibriados
Dithmenos
Elyvilon
Fedhas
Gozag
Hepliaklqana
Kikubaaqudgha
Makhleb
Nemelex Xobeh
Okawaru
Qazlal
Ru
Sif Muna
Trog
Uskayaw
Vehumet
Wu Jian
Xom
Yredelemnul
Zin
The Shining One
Jiyva
Lugonu


Innate Abilities, Weirdness & Mutations

You are immune to sickness and miasma.
Your stone body is resilient. (AC +8)
You are immune to poison.
You resist negative energy. (rN+)
You are resistant to electric shocks. (rElec)
You are resistant to unholy torment.
You are immune to petrification.


Message History

The azure jelly misses you.
The azure jelly hits you but does no damage.
You sock the azure jelly!
You kill the azure jelly!
Trog accepts your kill.
Your Dodging skill increases to level 15!
You start resting.
HP restored.
There is an open door here.
You open the door.
A rockslime comes into view.
You thump the rockslime!
The rockslime is lightly wounded.
The rockslime misses you. The rockslime hits you!!
You stumble backwards!
You sock the rockslime!
The rockslime is moderately wounded.
The rockslime barely misses you.
You sock the rockslime!
The rockslime is heavily wounded.
The rockslime completely misses you. The rockslime hits you.
You stumble backwards!
You hit the rockslime but do no damage.
The rockslime is heavily wounded.
The rockslime completely misses you.
You hit the rockslime but do no damage.
The rockslime is heavily wounded.
The rockslime hits you!!
You stumble backwards!
You bludgeon the rockslime!!
You kill the rockslime!
Trog accepts your kill.
You see here a +2 antimagic scythe.
You start resting.
HP restored.
There is an open door here.
There is an open door here.
You open the door.
A Hell Sentinel comes into view.
The Hell Sentinel roars!
A red film seems to cover your vision as you go berserk!
You feel yourself moving faster!
You feel mighty!
The Hell Sentinel hits you but does no damage. x2
You hammer the Hell Sentinel like a gong!!!
The Hell Sentinel is moderately wounded.
The Hell Sentinel hits you!
The Hell Sentinel hits you but does no damage.
You pound the Hell Sentinel like an anvil!!!
The Hell Sentinel is almost dead.
The Hell Sentinel hits you! x2
You sock the Hell Sentinel!
The Hell Sentinel is almost dead.
You thump the Hell Sentinel!
You kill the Hell Sentinel!
Trog accepts your kill.
Your Maces & Flails skill increases to level 18!
There is an open door here.
You feel a strong urge to attack something.
The door flies open with a bang!
A Hell Sentinel comes into view.
The Hell Sentinel roars!
You feel your anger nearly subside.
You are no longer berserk.
You are exhausted.
You feel yourself slow down.
The Hell Sentinel completely misses you.
The Hell Sentinel closely misses you.
There is an open door here.
You flatten the Hell Sentinel like a pancake!!!
The Hell Sentinel is heavily wounded.
The Hell Sentinel gestures at you.
The sphere of damnation explodes!
The damnation engulfs you!!!
The damnation engulfs the Hell Sentinel.
The Hell Sentinel completely resists.
The Hell Sentinel hits you!
* * * LOW HITPOINT WARNING * * *
The Hell Sentinel hits you.
* * * LOW HITPOINT WARNING * * *
You feel much better.
The Hell Sentinel hits you but does no damage. x2
You feel much better.
The Hell Sentinel hits you but does no damage.
The Hell Sentinel hits you!
The Hell Sentinel hits you but does no damage.
The Hell Sentinel hits you!
You feel much better. The Hell Sentinel hits you! The Hell Sentinel misses you.
You pound the Hell Sentinel like an anvil!!!
The Hell Sentinel is almost dead.
The Hell Sentinel hits you. The Hell Sentinel hits you!
The Hell Sentinel misses you. x2
You thump the Hell Sentinel!
The Hell Sentinel is almost dead.
The Hell Sentinel misses you.
The Hell Sentinel hits you but does no damage.
You hit the Hell Sentinel.
The Hell Sentinel is almost dead.
The Hell Sentinel gestures at you.
The sphere of damnation explodes!
The damnation engulfs you!!!
* * * LOW HITPOINT WARNING * * *
The damnation engulfs the Hell Sentinel.
The Hell Sentinel completely resists.
The Hell Sentinel gestures at you.
The sphere of damnation explodes!
The damnation engulfs you!!
You die...

#+#
#1#
#@#
#.#
#'#
#.#
#'#
#.#
#'#
#)#
#)#


You could see a Hell Sentinel.

Vanquished Creatures
  A Hell Sentinel (D)
  An azure jelly (D)
  A rockslime (D)
  A reaper (D)
  A two-headed ogre (D)
  A shadow wraith (D)
  A smoke demon (D)
  A cane toad (D)
  2 kobold demonologists (D)
  2 ice devils (D)
  A komodo dragon (D)
  A red devil (D)
  A wandering mushroom (D)
  A hornet (D)
  A hellwing (D)
  A glass eye (D)
  A jumping spider (D)
  2 shadows (D)
  A redback (D)
  4 vampire mosquitoes (D)
  A water moccasin (D)
  A black bear (D)
  A wolf (D)
  An earth elemental (D)
  A quasit (D)
  4 orc priests (D)
  A gnoll bouda (D)
  An orc wizard (D)
  A hell rat (D)
  A mummy (D)
  A river rat (D)
  A white imp (D)
  An adder skeleton (D)
  2 ribbon worms (D)
  2 orcs (D)
  2 bats (D)
  2 endoplasms (D)
  A giant cockroach (D)
  A hobgoblin (D)
  A bat simulacrum (D)
  3 kobolds (D)
  A rat (D)
57 creatures vanquished.

Vanquished Creatures (collateral kills)
  A boulder beetle (D)
  A death yak (D)
  2 sea snakes (D)
  A phantasmal warrior (D)
  A manticore (D)
  A deep elf pyromancer (D)
  A cyclops (D)
  An eye of devastation (D)
  2 kobold demonologists (D)
  An unseen horror (D)
  An efreet (D)
  An ice devil (D)
  A polar bear (D)
  5 dream sheep (D)
  A snapping turtle (D)
  A vampire mosquito (D)
  A sky beast (D)
  An orc warrior (D)
  A phantom (D)
  4 wights (D)
  A quasit (D)
  An iron imp (D)
  2 orc wizards (D)
  A gnoll (D)
  2 orcs (D)
  A hobgoblin (D)
  A frilled lizard (D)
  A rat (D)
39 creatures vanquished.

Grand Total: 96 creatures vanquished

Notes
Turn   | Place    | Note
-------+----------+-------------------------------------------
     0 | D        | Darkkill the Gargoyle Monk began the quest for the Orb.
     0 | D        | Reached XP level 1. HP: 14/14 MP: 1/1
    40 | D        | Found a bloodstained altar of Trog.
    40 | D        | Found a shimmering blue altar of Sif Muna.
    40 | D        | Found a viscous altar of Jiyva.
    40 | D        | Found a hazy altar of Hepliaklqana.
    40 | D        | Found an opulent altar of Gozag.
    41 | D        | Found a glowing golden altar of the Shining One.
    41 | D        | Found a glowing silver altar of Zin.
    41 | D        | Found a basalt altar of Yredelemnul.
    41 | D        | Found a shimmering altar of Xom.
    41 | D        | Found an ornate altar of the Wu Jian Council.
    41 | D        | Found a sacrificial altar of Ru.
    41 | D        | Found a stormy altar of Qazlal.
    41 | D        | Found an iron altar of Okawaru.
    41 | D        | Found a sparkling altar of Nemelex Xobeh.
    41 | D        | Found a burning altar of Makhleb.
    41 | D        | Found a blossoming altar of Fedhas.
    41 | D        | Found a white marble altar of Elyvilon.
    41 | D        | Found a shadowy altar of Dithmenos.
    41 | D        | Found a snail-covered altar of Cheibriados.
    44 | D        | Found a corrupted altar of Lugonu.
    44 | D        | Found a radiant altar of Vehumet.
    45 | D        | Found an ancient bone altar of Kikubaaqudgha.
    45 | D        | Found a hide-covered altar of Uskayaw.
    45 | D        | Found a broken altar of Ashenzari.
    55 | D        | Became a worshipper of Trog the Wrathful
    55 | D        | Reached * piety under Trog
    55 | D        | Reached ** piety under Trog
    73 | D        | Noticed a glass eye
    94 | D        | Killed a glass eye
    95 | D        | Reached skill level 7 in Fighting
    95 | D        | Reached skill level 5 in Dodging
    95 | D        | Reached XP level 2. HP: 25/25 MP: 2/2
    95 | D        | Reached XP level 3. HP: 29/29 MP: 3/3
    95 | D        | Reached XP level 4. HP: 35/35 MP: 4/4
    95 | D        | Reached XP level 5. HP: 39/39 MP: 5/5
   100 | D        | Reached skill level 8 in Fighting
   109 | D        | Reached *** piety under Trog
   159 | D        | Reached **** piety under Trog
   235 | D        | Noticed a water moccasin
   244 | D        | Reached XP level 6. HP: 45/45 MP: 6/6
   249 | D        | Killed a water moccasin
   250 | D        | Reached skill level 9 in Fighting
   289 | D        | Reached ***** piety under Trog
   302 | D        | Reached XP level 7. HP: 27/52 MP: 7/7
   400 | D        | Reached skill level 10 in Fighting
   405 | D        | Noticed a deep elf pyromancer
   410 | D        | Killed a deep elf pyromancer
   411 | D        | Reached skill level 11 in Fighting
   411 | D        | Reached skill level 10 in Maces & Flails
   411 | D        | Reached XP level 8. HP: 43/60 MP: 8/8
   429 | D        | Received a gift from Trog
   488 | D        | Noticed a dream sheep
   488 | D        | Noticed a dream sheep
   488 | D        | Noticed a dream sheep
   488 | D        | Noticed a dream sheep
   488 | D        | Noticed a cyclops
   489 | D        | Noticed a dream sheep
   489 | D        | Killed a dream sheep
   490 | D        | Killed a dream sheep
   491 | D        | Reached skill level 12 in Fighting
   492 | D        | Killed a dream sheep
   494 | D        | Killed a dream sheep
   495 | D        | Reached XP level 9. HP: 67/67 MP: 9/9
   496 | D        | Reached skill level 13 in Fighting
   496 | D        | Reached skill level 10 in Dodging
   498 | D        | Killed a cyclops
   631 | D        | Noticed a kobold demonologist
   631 | D        | Noticed a kobold demonologist
   631 | D        | Noticed a kobold demonologist
   633 | D        | Noticed a sixfirhy
   638 | D        | Noticed a sixfirhy
   638 | D        | Killed a kobold demonologist
   641 | D        | Noticed a rust devil
   642 | D        | Reached skill level 14 in Fighting
   643 | D        | Killed a kobold demonologist
   649 | D        | Killed a kobold demonologist
   781 | D        | Noticed an ice devil
   783 | D        | Noticed a sea snake
   784 | D        | Noticed a boulder beetle
   788 | D        | Killed an ice devil
   788 | D        | Received a gift from Trog
   789 | D        | Reached XP level 10. HP: 55/76 MP: 10/10
   791 | D        | Killed a sea snake
   792 | D        | Reached skill level 15 in Fighting
   803 | D        | Killed a boulder beetle
   947 | D        | Reached skill level 16 in Fighting
   947 | D        | Received a gift from Trog
   951 | D        | Noticed a phantasmal warrior
   955 | D        | Killed a phantasmal warrior
  1014 | D        | Reached skill level 15 in Maces & Flails
  1022 | D        | Noticed a smoke demon
  1028 | D        | Killed a smoke demon
  1029 | D        | Reached XP level 11. HP: 63/84 MP: 11/11
  1031 | D        | Reached ****** piety under Trog
  1031 | D        | Identified the +9 great mace "Remao" {heavy, rC+ rCorr}
                  | (Trog gifted it to you in the Dungeon)
  1031 | D        | Received a gift from Trog
  1033 | D        | HP: 13/84 [burnt (4)]
  1158 | D        | Noticed a two-headed ogre
  1164 | D        | Reached skill level 17 in Fighting
  1165 | D        | Killed a two-headed ogre
  1196 | D        | Noticed a manticore
  1196 | D        | Noticed a sea snake
  1203 | D        | Killed a sea snake
  1203 | D        | Received a gift from Trog
  1211 | D        | Killed a manticore
  1212 | D        | Reached skill level 18 in Fighting
  1212 | D        | Received a gift from Trog
  1220 | D        | Noticed a death yak
  1225 | D        | Killed a death yak
  1395 | D        | Received a gift from Trog
  1445 | D        | HP: 16/88 [something (13)]
  1453 | D        | Killed a shadow wraith
  1555 | D        | Reached XP level 12. HP: 82/94 MP: 12/12
  1556 | D        | Reached skill level 19 in Fighting
  1591 | D        | Noticed a reaper
  1597 | D        | Killed a reaper
  1597 | D        | Received a gift from Trog
  1680 | D        | Noticed an azure jelly
  1684 | D        | Killed an azure jelly
  1685 | D        | Reached skill level 15 in Dodging
  1861 | D        | Noticed a rockslime
  1867 | D        | Killed a rockslime
  2005 | D        | Noticed a Hell Sentinel
  2010 | D        | Killed a Hell Sentinel
  2013 | D        | Noticed a Hell Sentinel
  2015 | D        | HP: 18/96 [Hell Sentinel (4)]
  2021 | D        | HP: 18/96 [Hell Sentinel/damnation (38)]
  2021 | D        | Killed from afar by a Hell Sentinel

Illustrated notes

Levels and vault maps discovered:
D:        pitsprint [storerooms_1, entrance_room_1, metal_vault_4, armoury_2,
          mini_pit_1, grid_room_1, main_hall_1, silver_pit, the_coven_1,
          the_vestibule_1, steel_vault_2, golden_pit, hallway_of_sentries,
          crystal_vault_3, iron_vault_5, final_vault]

Skill      XL: |  1  2  3  4  5  6  7  8  9 10 11 12 |
---------------+-------------------------------------+-----
Fighting       | 7 8 9 11 12 14 16 18 19 | 19.9
Maces & Flails | 7 8 10 11 13 15 17 18 | 18.2
Dodging        | 5 6 7 8 9 11 13 14 15 | 15.5

Action                     |  1- 3 |  4- 6 |  7- 9 | 10-12 || total
---------------------------+-------+-------+-------+-------++-------
  Melee: Quarterstaff      |    19 |    14 |       |       ||    33
         Mace              |     1 |       |       |       ||     1
         Trident           |       |    18 |    22 |       ||    40
         Lajatang          |       |       |    21 |    30 ||    51
         Great mace        |       |       |       |    57 ||    57
 Invoke: Brothers in Arms  |       |       |     4 |     5 ||     9
    Use: Potion            |       |     1 |     1 |    11 ||    13
         Scroll            |       |       |       |     5 ||     5
 Armour: Robe              |     1 |    13 |       |       ||    14
         Ring mail         |       |    25 |    24 |       ||    49
         Scale mail        |       |       |    30 |   114 ||   144
  Dodge: Dodged            |     1 |    47 |    42 |   126 ||   216

Table legend: (Time is in decaauts)
 A = Elapsed time spent in this place.
 B = Non-inter-level travel time spent in this place.
 C = Inter-level travel time spent in this place.
 D = Time resting spent in this place.
 E = Time spent auto-exploring this place.
 F = Levels seen in this place.
 G = Mean time per level.
                   A        B        C        D        E       F      G
               +--------+--------+--------+--------+--------+-----+--------+
         Total |   2129 |   2015 |    114 |   1041 |      0 |   1 | 2129.0 |
       Dungeon |   2129 |   2015 |    114 |   1041 |      0 |   1 | 2129.0 |
               +--------+--------+--------+--------+--------+-----+--------+

Top non-repeatable levels by time:
       D: 2129 daAuts

Levels and vault maps discovered:
D:        pitsprint [storerooms_1, entrance_room_1, metal_vault_4, armoury_2,
          mini_pit_1, grid_room_1, main_hall_1, silver_pit, the_coven_1,
          the_vestibule_1, steel_vault_2, golden_pit, hallway_of_sentries,
          crystal_vault_3, iron_vault_5, final_vault]

Table legend: (Time is in decaauts)
 A = Elapsed time spent in this place.
 B = Non-inter-level travel time spent in this place.
 C = Inter-level travel time spent in this place.
 D = Time resting spent in this place.
 E = Time spent auto-exploring this place.
 F = Levels seen in this place.
 G = Mean time per level.
                   A        B        C        D        E       F      G
               +--------+--------+--------+--------+--------+-----+--------+
         Total |   2129 |   2015 |    114 |   1041 |      0 |   1 | 2129.0 |
       Dungeon |   2129 |   2015 |    114 |   1041 |      0 |   1 | 2129.0 |
               +--------+--------+--------+--------+--------+-----+--------+

Top non-repeatable levels by time:
       D: 2129 daAuts

Table legend:
 A = Kills in this place as a percentage of kills in the entire game.
 B = Kills by you in this place as a percentage of kills by you in the entire game.
 C = Kills by friends in this place as a percentage of kills by friends in the entire game.
 D = Other kills in this place as a percentage of other kills in the entire game.
 E = Experience gained in this place as a percentage of experience gained in the entire game.
 F = Experience gained in this place divided by the number of levels of this place that you have seen.
                   A       B       C       D       E      F
               +-------+-------+-------+-------+-------+----------------------
         Total | 100.0 | 100.0 | 100.0 |   N/A | 100.0 | 23993.0
       Dungeon | 100.0 | 100.0 | 100.0 |   N/A | 100.0 | 23993.0
               +-------+-------+-------+-------+-------+----------------------
